 Dungeon Crawl Stone Soup version 0.26-a0-540-g8a0c9464d7 (webtiles) character file.

Game seed: 13693841793840019438

531 vurker the Sneak (level 7, -3/54 (56) HPs)
             Began as a Formicid Delver on Aug 24, 2020.
             Slain by a sky beast (5 damage)
             ... on level 8 of the Dungeon.
             The game lasted 00:05:31 (4000 turns).

vurker the Sneak (Formicid Delver)                  Turns: 4000, Time: 00:05:32

HP:   -3/54 (56)    AC:  4    Str: 18    XL:     7   Next: 48%
MP:   7/7           EV:  8    Int: 10    God:
Gold: 91            SH: 13    Dex: 12    Spells: 6/6 levels left

rFire    . . .     SeeInvis +   a - +0 hand axe
rCold    . . .     Faith    .   g - +0 tower shield
rNeg     . . .     Spirit   .   b - +0 leather armour
rPois    .         Reflect  .   (helmet unavailable)
rElec    .         Harm     .   j - +0 cloak
rCorr    .                      (no gloves)
MR       +....                  (no boots)
Stlth    +++.......             (no amulet)
HPRegen  0.18/turn              o - ring of protection from magic
MPRegen  0.10/turn              (no ring)

@: lethally poisoned (-3 -> -5)
A: permanent stasis, dig shafts and tunnels, four strong arms, antennae 3
a: Dig, Shaft Self


You were on level 8 of the Dungeon.
You visited 1 branch of the dungeon, and saw 5 of its levels.

You collected 91 gold pieces.

Inventory:

Hand Weapons
 a - a +0 hand axe (weapon)
Armour
 b - a +0 leather armour (worn)
 g - a +0 tower shield (worn)
   (You found it on level 4 of the Dungeon)
 j - a +0 cloak (worn)
   (You found it on level 3 of the Dungeon)
Jewellery
 o - a ring of protection from magic (left hand)
   (You found it on level 5 of the Dungeon)
Wands
 v - a wand of digging (3)
Scrolls
 c - a scroll of fog
 d - 2 scrolls of magic mapping
 e - a scroll of fear
 h - 3 scrolls of identify {unknown}
 i - a scroll of enchant armour {unknown}
 l - a scroll of noise {unknown}
 m - a scroll of blinking {unknown}
 n - a scroll of immolation {unknown}
Potions
 f - a potion of curing {unknown}
 k - a potion of cancellation {unknown}
 p - a potion of ambrosia {unknown}
 q - a potion of berserk rage {unknown}
 r - a potion of mutation {unknown}


   Skills:
 + Level 5.2 Fighting
 * Level 5.6 Axes
 - Level 1.7 Dodging
 - Level 6.0 Stealth
 + Level 4.1 Shields


You had 6 spell levels left.
You didn't know any spells.
Your spell library was empty.

Dungeon Overview and Level Annotations

Branches:
Dungeon (6/15)
 Temple: D:4-7

Altars:
Ashenzari
Dithmenos
Makhleb
Vehumet

Annotations:
D:5 2 transporters, vurker's ghost, weakling GnDe


Innate Abilities, Weirdness & Mutations

You cannot be hasted, slowed, berserked, paralysed or teleported.
You can dig through walls and to a lower floor.
Your four strong arms can wield two-handed weapons with a shield.
You have a pair of large antennae on your head. (SInv)


Message History

The sky beast hits you. The sky beast shocks you. The worker ant bites you.
You hit the sky beast but do no damage. You closely miss the worker ant.
You block the sky beast's attack. The worker ant bites you.
The sky beast misses you. The worker ant bites you.
You are poisoned.
The worker ant poisons you!
You hit the sky beast but do no damage.
You hit the worker ant but do no damage.
You feel sick. The worker ant bites you.
You are more poisoned.
The worker ant poisons you!
The sky beast flickers out of sight for a moment.
The sky beast hits you. The sky beast shocks you.
* * * LOW HITPOINT WARNING * * *
You feel sick.
You feel sick. You block the worker ant's attack.
You feel sick.
You feel sick.
You extend your mandibles.
You dig through the rock wall.
You feel sick. You block the worker ant's attack.
You dig through the rock wall.
You feel sick.
You dig through the rock wall.
You feel sick. The worker ant barely misses you.
You retract your mandibles.
You hit the worker ant but do no damage.
The worker ant bites you.
* * * LOW HITPOINT WARNING * * *
You hit the worker ant.
You feel sick. The worker ant bites you.
* * * LOW HITPOINT WARNING * * *
You block the worker ant's attack.
You completely miss the worker ant.
You feel sick. You block the worker ant's attack.
Aim: a worker ant (moderately wounded)
The bolt of acid hits the worker ant!
The worker ant is splashed with acid.
The acid corrodes the worker ant!
You kill the worker ant!
You feel sick.
Aim: a sky beast (lightly wounded, slightly transparent)
The bolt of acid hits the sky beast!
The sky beast is splashed with acid.
You block the sky beast's attack.
Aim: a sky beast (almost dead, slightly transparent)
The bolt of acid misses the sky beast.
You feel sick. You block the sky beast's attack.
Aim: a sky beast (almost dead, slightly transparent)
The bolt of acid misses the sky beast.
The now-empty wand crumbles to dust.
You block the sky beast's attack.
You hit the sky beast. The sky beast hits you.
* * * LOW HITPOINT WARNING * * *
The sky beast shocks you.
You die...

#.......# #......# #.......#
#......# #.......# #......#
#.......# #......#
##.......# #......#
#.......## #......#
#.......# #......#
#.......#### #......#######
#......Y.#@# #............#
#.......#Y## ###'########†#
#.......### #.#...# #.#
#.......# #.#.#.# #.#
#.......# #.#.#.# #.#
#.......# #)#.#.# #.#
#######.......########.#.#.#
#.#
#.....'.......'........#.#.#
#.#
#.#####.....(.##########.#.#
#.#


You could see a sky beast (invisible).

Vanquished Creatures
  An ice beast (D:8)
  A necrophage (D:6)
  A phantom (D:5)
  An ogre (D:8)
  A centaur zombie (D:8)
  An iguana (D:8)
  2 worker ants
  3 adders
  A shadow imp (D:5)
  5 leopard geckos
  9 orcs
  A bat (D:3)
  A giant cockroach (D:6)
  2 goblins (D:3)
  2 hobgoblins (D:3)
  A quokka (D:8)
  A ball python (D:3)
  A frilled lizard (D:3)
  3 rats (D:3)
38 creatures vanquished.

Notes
Turn   | Place    | Note
-------+----------+-------------------------------------------
     0 | D:5      | vurker the Formicid Delver began the quest for the Orb.
     0 | D:5      | Reached XP level 1. HP: 18/18 MP: 1/1
    10 | D:5      | Found a shadowy altar of Dithmenos.
    10 | D:5      | Noticed a phantom
    36 | D:5      | Found a transporter.
    46 | D:5      | Noticed a quasit
    48 | D:5      | Noticed a worker ant
    52 | D:5      | Found a transporter.
    55 | D:5      | Noticed vurker's ghost (weakling GnDe)
    55 | D:5      | Noticed a quasit
    56 | D:5      | Noticed a quasit
   113 | D:4      | Noticed an ogre
   130 | D:4      | Noticed an ogre
   346 | D:3      | Reached XP level 2. HP: 17/24 MP: 2/2
   601 | D:3      | Found a burning altar of Makhleb.
   601 | D:3      | Noticed a crimson imp
   602 | D:3      | Found a radiant altar of Vehumet.
   634 | D:3      | You fall into a shaft and drop 1 floor!
   886 | D:4      | Reached skill level 1 in Shields
   886 | D:4      | Reached XP level 3. HP: 29/29 MP: 3/3
  1129 | D:3      | You fall into a shaft and drop 3 floors!
  1422 | D:6      | Reached XP level 4. HP: 27/37 MP: 4/4
  1552 | D:6      | Noticed a necrophage
  1552 | D:6      | Noticed a sky beast
  1583 | D:6      | Killed a necrophage
  1583 | D:6      | Reached XP level 5. HP: 13/40 MP: 5/5
  1981 | D:4      | Noticed an ogre
  2665 | D:6      | Found a shattered altar of Ashenzari.
  2665 | D:6      | Noticed an ogre
  2671 | D:5      | Killed a phantom
  2671 | D:5      | Reached XP level 6. HP: 21/47 MP: 6/6
  2876 | D:5      | You fall into a shaft and drop 3 floors!
  3408 | D:8      | Noticed an ogre
  3425 | D:8      | Killed an ogre
  3425 | D:8      | Reached skill level 5 in Axes
  3425 | D:8      | Reached XP level 7. HP: 22/53 MP: 7/7
  3486 | D:8      | Reached skill level 5 in Fighting
  4000 | D:8      | HP: 2/54 [sky beast (3)]
  4000 | D:8      | Slain by a sky beast

Illustrated notes

Levels and vault maps discovered:
D:3:      layout_loops_ring, grunt_temple_overflow_lords_of_destruction,
          uniq_sigmund
D:4:      wander_river, layout_basic, serial_shops, shop,
          makhleb_heckhound_becter
D:5:      layout_rooms, grunt_dithmenos_shadows, minmay_temple_entry_fiery,
          gammafunk_ghost_stat_death
D:6:      layout_gridville, overflow_temple_1_default, tgw_trog,
          chequers_serial_rivers_room_b
D:8:      layout_basic, lemuel_zombie_altar_kikubaaqudgha

Skill      XL: |  1  2  3  4  5  6  7 |
---------------+----------------------+-----
Shields        | 1 2 3 4 |  4.1
Axes           | 3 4 5 |  5.6
Fighting       | 4 5 |  5.2
Dodging        | |  1.7
Stealth        | |  6.0

Action                   |  1- 3 |  4- 6 |  7- 9 || total
-------------------------+-------+-------+-------++-------
Melee: Hand axe          |   108 |   108 |    23 ||   239
 Abil: Shaft Self        |     2 |     1 |       ||     3
       Dig               |     1 |       |     1 ||     2
Evoke: Wand              |       |     1 |     9 ||    10
 Stab: Sleeping          |     4 |     4 |       ||     8
Armor: Leather armour    |    28 |     6 |     3 ||    37
Dodge: Dodged            |    23 |    21 |     6 ||    50
Block: Tower shield      |    65 |    76 |    20 ||   161

Table legend: (Time is in decaauts)
 A = Elapsed time spent in this place.
 B = Non-inter-level travel time spent in this place.
 C = Inter-level travel time spent in this place.
 D = Time resting spent in this place.
 E = Time spent auto-exploring this place.
 F = Levels seen in this place.
 G = Mean time per level.
                   A        B        C        D        E       F      G
               +--------+--------+--------+--------+--------+-----+--------+
         Total |   4072 |   4057 |     15 |    964 |   2224 |   5 |  814.4 |
       Dungeon |   4072 |   4057 |     15 |    964 |   2224 |   5 |  814.4 |
               +--------+--------+--------+--------+--------+-----+--------+

Top non-repeatable levels by time:
     D:8: 1131 daAuts
     D:5: 1074 daAuts
     D:6: 826 daAuts
     D:3: 711 daAuts
     D:4: 327 daAuts
